Senateurs vs Blackhawks
Created - November 9, 2018 at 22:01
Goals
|
| Senateurs |
0 |
0 |
0 |
0 |
| Blackhawks |
0 |
4 |
1 |
5 |
|
Shots
|
| Senateurs |
10 |
12 |
11 |
33 |
| Blackhawks |
6 |
11 |
17 |
34 |
|
1st period
No Goal
Penalties :
Derick Brassard (Chi) for Hooking (Minor) at 4:14
2nd period
1. Blackhawks , Zac Rinaldo 1 (Tyler Kennedy 2, Hampus Lindholm 4) at 4:17
2. Blackhawks , Mason Raymond 1 (Mike Green 5) at 11:18
3. Blackhawks , Rick Nash 7 (Denis Grebeshkov 4, Derick Brassard 12) at 12:38
4. Blackhawks , Hampus Lindholm 1 (Antoine Roussel 12, Derick Brassard 13) at 19:59 (PP)
Penalties :
Vladimir Mihalik (Ott) for Slashing (Minor) at 5:08, Peter Regin (Chi) for Hooking (Minor) at 9:10, Dan Hamhuis (Ott) for Hooking (Minor) at 12:41, Marc-André Bernier (Ott) for Interference (Minor) at 19:47
3rd period
5. Blackhawks , Chris Kreider 5 (Michael Frolik 7) at 9:18
Penalties :
Chris Kreider (Chi) for Holding (Minor) at 1:32, Marc-André Bernier (Ott) for Holding (Minor) at 4:23
Goalie Stats
Jeff Deslauriers (Ott), 16 saves from 17 shots - (0.941), 20:01 minutes
Ondrej Pavelec (Ott), 13 saves from 17 shots - (0.765), L, 7-5-0, 39:59 minutes
Jimmy Howard (Chi), 33 saves from 33 shots - (1.000), W, 5-6-0, 60:00 minutes
Players Stats for Senateurs
Player Name G A P +/- PIM S H SB GA TA FO MP PP MP PK MP
------------------------------------------------------------------------------------
Brandon Dubinsky 0 0 0 0 0 1 1 0 2 1 1/5 10:42 0:00 1:55
Brenden Morrow 0 0 0 -2 0 2 4 0 0 0 0/1 17:15 2:00 1:55
Brooks Orpik 0 0 0 -2 0 0 0 2 0 1 0/0 13:05 0:00 2:06
Carlo Colaiacovo 0 0 0 -1 0 2 0 2 0 0 0/0 21:41 2:01 2:05
Chris Kunitz 0 0 0 0 0 0 0 1 0 0 0/0 9:05 0:00 0:18
Cody Franson 0 0 0 -1 0 0 3 0 0 1 0/0 21:41 2:01 2:05
Cody Hodgson 0 0 0 -1 0 5 0 0 1 0 6/8 11:49 0:01 0:00
Colby Armstrong 0 0 0 -1 0 1 1 0 0 0 2/2 15:28 2:00 0:00
Dan Hamhuis 0 0 0 -1 2 4 1 1 0 1 0/0 25:35 3:56 1:58
Daniel Briere 0 0 0 -2 0 0 1 0 0 1 3/7 17:06 2:00 1:23
Evgeni Malkin 0 0 0 -1 0 6 2 1 0 0 8/28 20:23 3:56 2:51
Karl Alzner 0 0 0 -1 0 2 1 1 0 0 0/0 26:37 3:56 3:21
Marc-André Bernier 0 0 0 -1 4 1 0 0 0 0 0/0 8:56 0:01 0:00
Marian Hossa 0 0 0 -2 0 2 1 0 0 2 0/1 18:37 3:56 1:05
Radim Vrbata 0 0 0 -1 0 1 1 0 0 0 0/1 11:49 0:01 0:00
Sergei Kostitsyn 0 0 0 0 0 3 3 0 0 0 0/0 11:39 0:00 0:00
Thomas Vanek 0 0 0 -1 0 3 2 0 0 0 0/1 20:23 3:56 2:51
Vladimir Mihalik 0 0 0 -2 2 0 1 2 0 0 0/0 11:56 0:00 0:43
Players Stats for Blackhawks
Player Name G A P +/- PIM S H SB GA TA FO MP PP MP PK MP
------------------------------------------------------------------------------------
Antoine Roussel 0 1 1 1 0 0 2 1 1 0 2/3 22:16 2:49 3:01
Cam Janssen 0 0 0 1 0 1 2 0 0 0 1/1 12:39 0:00 1:37
Chris Kreider 1 0 1 1 2 3 1 0 1 0 1/1 15:46 3:15 1:07
Denis Grebeshkov 0 1 1 1 0 0 0 0 0 1 0/0 22:16 1:46 2:16
Derick Brassard 0 2 2 1 2 4 1 0 1 0 19/27 19:37 2:54 0:21
Hampus Lindholm 1 1 2 1 0 4 1 2 0 0 0/0 17:19 1:46 0:00
Joni Pitkanen 0 0 0 2 0 3 2 4 1 0 0/0 24:52 4:23 3:41
Kevin Marshall 0 0 0 1 0 0 1 0 1 0 0/0 12:52 0:00 0:00
Lasse Kukkonen 0 0 0 1 0 0 0 0 0 1 0/0 15:47 0:00 2:16
Mason Raymond 1 0 1 2 0 3 1 0 1 0 0/0 9:56 0:00 0:38
Michael Frolik 0 1 1 1 0 0 1 0 0 0 0/0 14:21 3:15 0:00
Mike Green 0 1 1 2 0 3 1 4 0 1 0/0 26:54 4:23 3:41
Peter Regin 0 0 0 2 2 1 3 0 0 0 6/13 16:41 3:15 1:53
Rick Nash 1 0 1 1 0 4 1 0 0 0 1/1 19:01 2:49 0:00
Ryan Johansen 0 0 0 0 0 0 0 0 0 0 3/5 13:10 0:05 2:06
Tomas Fleischmann 0 0 0 0 0 2 1 0 0 0 0/0 11:04 0:05 0:00
Tyler Kennedy 0 1 1 1 0 4 2 0 1 0 0/0 10:20 0:00 1:11
Zac Rinaldo 1 0 1 1 0 2 1 0 0 0 1/3 9:09 0:00 0:00
3 Stars
1 - Jimmy Howard (Chi)
2 - Hampus Lindholm (Chi)
3 - Mason Raymond (Chi)
Power Play
Senateurs - 0 on 3 Attempt(s) - 0.00%
Blackhawks - 1 on 4 Attempt(s) - 25.00%
Penalty Kill
Senateurs - 3 on 4 Attempt(s) - 75.00%
- Score 0 goal in Penalty Kill
Blackhawks - 3 on 3 Attempt(s) - 100.00%
- Score 0 goal in Penalty Kill
Team Stat
Senateurs - Hits : 22 - Faceoff Wins : 20 - Blocked Shots : 10 - Penalty Minutes : 8
Blackhawks - Hits : 21 - Faceoff Wins : 34 - Blocked Shots : 11 - Penalty Minutes : 6
Official
Referees : Unknown
Linesman : Unknown
Game Notes
Jeff Deslauriers enters game at 19:59 of 2nd period
Finance
Level 1 -- Attendance: 4458 (74.30%) -- Ticket Income $436,884
Level 2 -- Attendance: 3542 (70.84%) -- Ticket Income $223,146
Level 3 -- Attendance: 1569 (78.45%) -- Ticket Income $65,898
Level 4 -- Attendance: 3046 (76.15%) -- Ticket Income $94,426
Luxury Box -- Attendance: 793 (79.30%) -- Ticket Income $141,154
Game was played at the Rexall Place.
Total Attendance: 13408 (74.49%)
Total Ticket Income: $961,508
Other Income: $144,226
Total Income: $1,105,734
Senateurs
5 vs 5 Forward
Center Left Wing Right Wing Time % Phy DF OF
1 Evgeni Malkin Thomas Vanek Colby Armstrong 40 1 2 2
2 Daniel Briere Brenden Morrow Marian Hossa 30 1 2 2
3 Cody Hodgson Sergei Kostitsyn Radim Vrbata 20 1 2 2
4 Brandon Dubinsky Chris Kunitz Marc-André Bernier 10 1 2 2
5 vs 5 Defense
Defense Defense Time % Phy DF OF
1 Dan Hamhuis Karl Alzner 40 1 2 2
2 Cody Franson Carlo Colaiacovo 30 1 2 2
3 Vladimir Mihalik Brooks Orpik 20 1 2 2
4 Dan Hamhuis Karl Alzner 10 1 2 2
PowerPlay Forward
Center Left Wing Right Wing Time % Phy DF OF
1 Evgeni Malkin Thomas Vanek Marian Hossa 60 1 2 2
2 Daniel Briere Brenden Morrow Colby Armstrong 40 1 2 2
PowerPlay Defense
Defense Defense Time % Phy DF OF
1 Dan Hamhuis Karl Alzner 60 1 2 2
2 Cody Franson Carlo Colaiacovo 40 1 2 2
Penalty Kill 4 Players Forward
Center Wing Time % Phy DF OF
1 Evgeni Malkin Thomas Vanek 60 1 2 2
2 Daniel Briere Marian Hossa 40 1 2 2
Penalty Kill 4 Players Defense
Defense Defense Time % Phy DF OF
1 Dan Hamhuis Karl Alzner 60 1 2 2
2 Cody Franson Carlo Colaiacovo 40 1 2 2
Penalty Kill - 3 Players Forward
Forward Time % Phy DF OF
1 Evgeni Malkin 60 1 2 2
2 Thomas Vanek 40 1 2 2
Penalty Kill - 3 Players Defense
Defense Defense Time % Phy DF OF
1 Dan Hamhuis Karl Alzner 60 1 2 2
2 Cody Franson Carlo Colaiacovo 40 1 2 2
4 vs 4 Forward
Center Wing Time % Phy DF OF
1 Evgeni Malkin Thomas Vanek 60 1 2 2
2 Daniel Briere Marian Hossa 40 1 2 2
4 vs 4 Defense
Defense Defense Time % Phy DF OF
1 Dan Hamhuis Karl Alzner 60 1 2 2
2 Cody Franson Carlo Colaiacovo 40 1 2 2
Last Minutes Offensive
Center Left Wing Right Wing Defense Defense
Evgeni Malkin Thomas Vanek Marian Hossa Dan Hamhuis Karl Alzner
Last Minutes Defensive
Center Left Wing Right Wing Defense Defense
Evgeni Malkin Thomas Vanek Marian Hossa Dan Hamhuis Karl Alzner
Goaltenders
Starting : Ondrej Pavelec
Backup : Jeff Deslauriers
Extra Forwards
Normal : Cody Hodgson, Radim Vrbata, Brandon Dubinsky - PP : Cody Hodgson, Radim Vrbata - PK : Brandon Dubinsky
Extra Defensemen
Normal : Vladimir Mihalik, Brooks Orpik, Cody Franson - PP : Vladimir Mihalik - PK : Brooks Orpik, Cody Franson
Penalty Shots
Evgeni Malkin, Thomas Vanek, Daniel Briere, Marian Hossa, Brenden Morrow
Scratches
None
Blackhawks
5 vs 5 Forward
Center Left Wing Right Wing Time % Phy DF OF
1 Derick Brassard Antoine Roussel Rick Nash 40 1 2 2
2 Peter Regin Chris Kreider Michael Frolik 30 1 2 2
3 Ryan Johansen Tomas Fleischmann Cam Janssen 20 1 2 2
4 Zac Rinaldo Mason Raymond Tyler Kennedy 10 1 2 2
5 vs 5 Defense
Defense Defense Time % Phy DF OF
1 Mike Green Denis Grebeshkov 40 1 2 2
2 Joni Pitkanen Hampus Lindholm 30 1 2 2
3 Lasse Kukkonen Kevin Marshall 20 1 2 2
4 Mike Green Joni Pitkanen 10 1 2 2
PowerPlay Forward
Center Left Wing Right Wing Time % Phy DF OF
1 Derick Brassard Antoine Roussel Rick Nash 60 1 2 2
2 Peter Regin Chris Kreider Michael Frolik 40 1 2 2
PowerPlay Defense
Defense Defense Time % Phy DF OF
1 Mike Green Joni Pitkanen 60 1 2 2
2 Denis Grebeshkov Hampus Lindholm 40 1 2 2
Penalty Kill 4 Players Forward
Center Wing Time % Phy DF OF
1 Peter Regin Antoine Roussel 60 1 2 2
2 Ryan Johansen Tyler Kennedy 40 1 2 2
Penalty Kill 4 Players Defense
Defense Defense Time % Phy DF OF
1 Mike Green Joni Pitkanen 60 1 2 2
2 Denis Grebeshkov Lasse Kukkonen 40 1 2 2
Penalty Kill - 3 Players Forward
Forward Time % Phy DF OF
1 Peter Regin 60 1 2 2
2 Ryan Johansen 40 1 2 2
Penalty Kill - 3 Players Defense
Defense Defense Time % Phy DF OF
1 Mike Green Joni Pitkanen 60 1 2 2
2 Denis Grebeshkov Lasse Kukkonen 40 1 2 2
4 vs 4 Forward
Center Wing Time % Phy DF OF
1 Rick Nash Derick Brassard 60 1 2 2
2 Antoine Roussel Chris Kreider 40 1 2 2
4 vs 4 Defense
Defense Defense Time % Phy DF OF
1 Mike Green Joni Pitkanen 60 1 2 2
2 Denis Grebeshkov Kevin Marshall 40 1 2 2
Last Minutes Offensive
Center Left Wing Right Wing Defense Defense
Derick Brassard Antoine Roussel Rick Nash Mike Green Joni Pitkanen
Last Minutes Defensive
Center Left Wing Right Wing Defense Defense
Derick Brassard Antoine Roussel Rick Nash Mike Green Joni Pitkanen
Goaltenders
Starting : Jimmy Howard
Backup : Al Montoya
Extra Forwards
Normal : Ryan Johansen, Tomas Fleischmann, Cam Janssen - PP : Ryan Johansen, Tomas Fleischmann - PK : Cam Janssen
Extra Defensemen
Normal : Mike Green, Hampus Lindholm, Denis Grebeshkov - PP : Hampus Lindholm - PK : Mike Green, Denis Grebeshkov
Penalty Shots
Rick Nash, Derick Brassard, Antoine Roussel, Chris Kreider, Michael Frolik
Scratches
None
% Time on Ice - Senateurs
Lines # - Real PCT - Wanted PCT - Time Play
Normal Forward
1 - 29% - 40% - 13:45
2 - 29% - 30% - 13:43
3 - 24% - 20% - 11:39
4 - 18% - 10% - 8:47
Normal Defense
1 - 38% - 40% - 18:12
2 - 37% - 30% - 17:35
3 - 23% - 20% - 10:58
4 - 2% - 10% - 1:09
PP Forward
1 - 66% - 60% - 3:57
2 - 34% - 40% - 2:00
PP Defense
1 - 66% - 60% - 3:56
2 - 34% - 40% - 2:01
PK Forward
1 - 82% - 60% - 5:04
2 - 18% - 40% - 1:05
PK Defense
1 - 66% - 60% - 4:04
2 - 34% - 40% - 2:05
PK3 Forward
1 - 0% - 60%
2 - 0% - 40%
PK3 Defense
1 - 0% - 60%
2 - 0% - 40%
44 Forward
1 - 0% - 60%
2 - 0% - 40%
44 Defense
1 - 0% - 60%
2 - 0% - 40%
Last Minute Offensive - 0:00
Last Minute Defensive - 0:00
Total
Forward - 60:00
Defense - 60:00
|
% Time on Ice - Blackhawks
Lines # - Real PCT - Wanted PCT - Time Play
Normal Forward
1 - 35% - 40% - 16:46
2 - 23% - 30% - 11:06
3 - 23% - 20% - 10:53
4 - 19% - 10% - 9:09
Normal Defense
1 - 39% - 40% - 18:29
2 - 28% - 30% - 13:25
3 - 27% - 20% - 12:52
4 - 7% - 10% - 3:08
PP Forward
1 - 47% - 60% - 2:54
2 - 53% - 40% - 3:15
PP Defense
1 - 71% - 60% - 4:23
2 - 29% - 40% - 1:46
PK Forward
1 - 80% - 60% - 4:46
2 - 20% - 40% - 1:11
PK Defense
1 - 62% - 60% - 3:41
2 - 38% - 40% - 2:16
PK3 Forward
1 - 0% - 60%
2 - 0% - 40%
PK3 Defense
1 - 0% - 60%
2 - 0% - 40%
44 Forward
1 - 0% - 60%
2 - 0% - 40%
44 Defense
1 - 0% - 60%
2 - 0% - 40%
Last Minute Offensive - 0:00
Last Minute Defensive - 0:00
Total
Forward - 60:00
Defense - 60:00
|
Play by Play
1st period
0:01 of 1st period - Derick Brassard wins face-off versus Evgeni Malkin in neutral zone.
0:12 of 1st period - Icing by Thomas Vanek.
0:13 of 1st period - Evgeni Malkin wins face-off versus Peter Regin in Senateurs zone.
1:46 of 1st period - Snap shot by Michael Frolik.
1:46 of 1st period - Shot Misses the Net.
1:54 of 1st period - Slapshot by Thomas Vanek.
1:54 of 1st period - Stopped by Jimmy Howard with a rebound.
2:10 of 1st period - Wrist shot by Daniel Briere.
2:10 of 1st period - Shot Misses the Net.
2:31 of 1st period - Wrist shot by Sergei Kostitsyn.
2:31 of 1st period - Stopped by Jimmy Howard with a rebound.
2:33 of 1st period - Wrist shot by Sergei Kostitsyn.
2:33 of 1st period - Shot Misses the Net.
2:51 of 1st period - Snap shot by Derick Brassard.
2:51 of 1st period - Shot Misses the Net.
2:57 of 1st period - Wrist shot by Rick Nash.
2:57 of 1st period - Shot Misses the Net.
2:59 of 1st period - Wrist shot by Rick Nash.
2:59 of 1st period - Deflect By Derick Brassard.
2:59 of 1st period - Shot Blocked by Chris Kunitz.
2:59 of 1st period - Puck is out of play.
3:00 of 1st period - Ryan Johansen wins face-off versus Evgeni Malkin in Senateurs zone.
3:03 of 1st period - Wrist shot by Ryan Johansen.
3:03 of 1st period - Shot Misses the Net.
3:05 of 1st period - Wrist shot by Cam Janssen.
3:05 of 1st period - Shot Blocked by Evgeni Malkin.
3:13 of 1st period - Wrist shot by Evgeni Malkin.
3:13 of 1st period - Shot Misses the Net.
3:46 of 1st period - Wrist shot by Mason Raymond.
3:46 of 1st period - Stopped by Ondrej Pavelec without a rebound.
3:47 of 1st period - Cody Hodgson wins face-off versus Zac Rinaldo in Senateurs zone.
3:54 of 1st period - Snap shot by Cody Hodgson.
3:54 of 1st period - Stopped by Jimmy Howard with a rebound.
4:02 of 1st period - Dan Hamhuis is hit by Zac Rinaldo and loses puck.
4:14 of 1st period - Minor Penalty to Derick Brassard for Hooking.
4:15 of 1st period - Evgeni Malkin wins face-off versus Peter Regin in Blackhawks zone.
5:19 of 1st period - Marian Hossa is hit by Tyler Kennedy and loses puck.
6:14 of 1st period - Penalty to Derick Brassard is over, Derick Brassard is back on ice.
6:38 of 1st period - Joni Pitkanen is hit by Cody Franson and loses puck.
6:55 of 1st period - Snap shot by Sergei Kostitsyn.
6:55 of 1st period - Shot Misses the Net.
7:39 of 1st period - Off-side.
7:40 of 1st period - Derick Brassard wins face-off versus Radim Vrbata in neutral zone.
7:56 of 1st period - Slapshot by Sergei Kostitsyn.
7:56 of 1st period - Shot Misses the Net.
8:13 of 1st period - Snap shot by Thomas Vanek.
8:13 of 1st period - Shot Hit the Post.
10:10 of 1st period - Snap shot by Marc-André Bernier.
10:10 of 1st period - Shot Misses the Net.
10:12 of 1st period - Slapshot by Dan Hamhuis.
10:12 of 1st period - Deflect By Mike Green.
10:12 of 1st period - Stopped by Jimmy Howard without a rebound.
10:13 of 1st period - Brandon Dubinsky wins face-off versus Zac Rinaldo in Blackhawks zone.
10:52 of 1st period - Chris Kunitz is hit by Mason Raymond and loses puck.
11:21 of 1st period - Snap shot by Tyler Kennedy.
11:21 of 1st period - Shot Misses the Net.
11:29 of 1st period - Slapshot by Tyler Kennedy.
11:29 of 1st period - Stopped by Ondrej Pavelec with a rebound.
11:35 of 1st period - Slapshot by Hampus Lindholm.
11:35 of 1st period - Deflect By Dan Hamhuis.
11:35 of 1st period - Stopped by Ondrej Pavelec with a rebound.
11:41 of 1st period - Dan Hamhuis is hit by Joni Pitkanen and loses puck.
11:50 of 1st period - Slapshot by Brandon Dubinsky.
11:50 of 1st period - Shot Blocked by Hampus Lindholm.
11:52 of 1st period - Wrist shot by Brandon Dubinsky.
11:52 of 1st period - Shot Misses the Net.
11:54 of 1st period - Slapshot by Carlo Colaiacovo.
11:54 of 1st period - Stopped by Jimmy Howard with a rebound.
11:56 of 1st period - Slapshot by Carlo Colaiacovo.
11:56 of 1st period - Stopped by Jimmy Howard without a rebound.
11:57 of 1st period - Derick Brassard wins face-off versus Evgeni Malkin in Blackhawks zone.
12:06 of 1st period - Snap shot by Derick Brassard.
12:06 of 1st period - Stopped by Ondrej Pavelec without a rebound.
12:07 of 1st period - Derick Brassard wins face-off versus Thomas Vanek in Senateurs zone.
12:10 of 1st period - Wrist shot by Derick Brassard.
12:10 of 1st period - Stopped by Ondrej Pavelec without a rebound.
12:11 of 1st period - Derick Brassard wins face-off versus Evgeni Malkin in Senateurs zone.
12:36 of 1st period - Mike Green is hit by Cody Franson and loses puck.
12:47 of 1st period - Slapshot by Derick Brassard.
12:47 of 1st period - Shot Misses the Net.
12:49 of 1st period - Snap shot by Hampus Lindholm.
12:49 of 1st period - Stopped by Ondrej Pavelec without a rebound.
12:50 of 1st period - Peter Regin wins face-off versus Evgeni Malkin in Senateurs zone.
13:52 of 1st period - Brooks Orpik is hit by Peter Regin and loses puck.
14:42 of 1st period - Snap shot by Radim Vrbata.
14:42 of 1st period - Stopped by Jimmy Howard without a rebound.
14:43 of 1st period - Cody Hodgson wins face-off versus Derick Brassard in Blackhawks zone.
15:14 of 1st period - Wrist shot by Chris Kreider.
15:14 of 1st period - Shot Blocked by Karl Alzner.
15:38 of 1st period - Slapshot by Tomas Fleischmann.
15:38 of 1st period - Shot Misses the Net.
15:40 of 1st period - Slapshot by Cam Janssen.
15:40 of 1st period - Shot Misses the Net.
16:13 of 1st period - Wrist shot by Peter Regin.
16:13 of 1st period - Shot Blocked by Carlo Colaiacovo.
16:39 of 1st period - Slapshot by Thomas Vanek.
16:39 of 1st period - Stopped by Jimmy Howard with a rebound.
16:41 of 1st period - Wrist shot by Evgeni Malkin.
16:41 of 1st period - Stopped by Jimmy Howard without a rebound.
16:42 of 1st period - Derick Brassard wins face-off versus Daniel Briere in Blackhawks zone.
16:58 of 1st period - Snap shot by Marian Hossa.
16:58 of 1st period - Shot Misses the Net.
17:50 of 1st period - Tyler Kennedy is hit by Brandon Dubinsky and loses puck.
18:08 of 1st period - Icing by Carlo Colaiacovo.
18:09 of 1st period - Evgeni Malkin wins face-off versus Derick Brassard in Senateurs zone.
18:18 of 1st period - Wrist shot by Evgeni Malkin.
18:18 of 1st period - Stopped by Jimmy Howard with a rebound.
19:39 of 1st period - Snap shot by Tyler Kennedy.
19:39 of 1st period - Shot Misses the Net.
Goals for this period are 0 for Senateurs vs 0 for Blackhawks.
Shots for this period are 10 for Senateurs vs 6 for Blackhawks.
2nd period
0:01 of 2nd period - Colby Armstrong wins face-off versus Derick Brassard in neutral zone.
0:05 of 2nd period - Slapshot by Colby Armstrong.
0:05 of 2nd period - Shot Misses the Net.
0:07 of 2nd period - Wrist shot by Colby Armstrong.
0:07 of 2nd period - Stopped by Jimmy Howard without a rebound.
0:08 of 2nd period - Derick Brassard wins face-off versus Evgeni Malkin in Blackhawks zone.
0:15 of 2nd period - Snap shot by Rick Nash.
0:15 of 2nd period - Deflect By Antoine Roussel.
0:15 of 2nd period - Shot Misses the Net.
0:15 of 2nd period - Puck is out of play.
0:16 of 2nd period - Derick Brassard wins face-off versus Evgeni Malkin in Senateurs zone.
0:35 of 2nd period - Derick Brassard is hit by Thomas Vanek and loses puck.
1:08 of 2nd period - Slapshot by Mike Green.
1:08 of 2nd period - Deflect By Radim Vrbata.
1:08 of 2nd period - Stopped by Ondrej Pavelec with a rebound.
2:02 of 2nd period - Snap shot by Chris Kunitz.
2:02 of 2nd period - Shot Misses the Net.
2:23 of 2nd period - Cody Franson is hit by Kevin Marshall and loses puck.
2:46 of 2nd period - Snap shot by Brenden Morrow.
2:46 of 2nd period - Shot Misses the Net.
3:02 of 2nd period - Slapshot by Cody Hodgson.
3:02 of 2nd period - Stopped by Jimmy Howard without a rebound.
3:03 of 2nd period - Derick Brassard wins face-off versus Evgeni Malkin in Blackhawks zone.
3:03 of 2nd period - Derick Brassard is hit by Evgeni Malkin.
3:11 of 2nd period - Slapshot by Rick Nash.
3:11 of 2nd period - Shot Misses the Net.
3:13 of 2nd period - Slapshot by Rick Nash.
3:13 of 2nd period - Stopped by Ondrej Pavelec with a rebound.
3:18 of 2nd period - Icing by Karl Alzner.
3:19 of 2nd period - Peter Regin wins face-off versus Evgeni Malkin in Senateurs zone.
3:20 of 2nd period - Wrist shot by Michael Frolik.
3:20 of 2nd period - Shot Misses the Net.
3:52 of 2nd period - Karl Alzner is hit by Antoine Roussel and loses puck.
4:07 of 2nd period - Slapshot by Tyler Kennedy.
4:07 of 2nd period - Stopped by Ondrej Pavelec with a rebound.
4:17 of 2nd period - Wrist shot by Zac Rinaldo.
4:17 of 2nd period - Goal by Zac Rinaldo - Senateurs : 0 - Blackhawks : 1.
4:18 of 2nd period - Rick Nash wins face-off versus Evgeni Malkin in neutral zone.
4:25 of 2nd period - Snap shot by Rick Nash.
4:25 of 2nd period - Shot Misses the Net.
4:46 of 2nd period - Derick Brassard is hit by Radim Vrbata and loses puck.
4:53 of 2nd period - Slapshot by Cody Hodgson.
4:53 of 2nd period - Shot Misses the Net.
4:55 of 2nd period - Snap shot by Brooks Orpik.
4:55 of 2nd period - Shot Misses the Net.
5:08 of 2nd period - Minor Penalty to Vladimir Mihalik for Slashing.
5:09 of 2nd period - Evgeni Malkin wins face-off versus Peter Regin in Senateurs zone.
5:21 of 2nd period - Snap shot by Thomas Vanek.
5:21 of 2nd period - Stopped by Jimmy Howard with a rebound.
5:37 of 2nd period - Rick Nash is hit by Thomas Vanek and loses puck.
6:50 of 2nd period - Chris Kreider is hit by Karl Alzner.
6:54 of 2nd period - Denis Grebeshkov is hit by Brenden Morrow and loses puck.
7:08 of 2nd period - Penalty to Vladimir Mihalik is over, Vladimir Mihalik is back on ice.
7:22 of 2nd period - Snap shot by Zac Rinaldo.
7:22 of 2nd period - Deflect By Evgeni Malkin.
7:22 of 2nd period - Shot Blocked by Vladimir Mihalik.
7:22 of 2nd period - Puck is out of play.
7:23 of 2nd period - Zac Rinaldo wins face-off versus Cody Hodgson in Senateurs zone.
7:28 of 2nd period - Snap shot by Tyler Kennedy.
7:28 of 2nd period - Stopped by Ondrej Pavelec without a rebound.
7:29 of 2nd period - Cody Hodgson wins face-off versus Ryan Johansen in Senateurs zone.
7:44 of 2nd period - Snap shot by Sergei Kostitsyn.
7:44 of 2nd period - Shot Blocked by Hampus Lindholm.
7:54 of 2nd period - Marian Hossa is hit by Rick Nash and loses puck.
8:12 of 2nd period - Icing by Daniel Briere.
8:13 of 2nd period - Colby Armstrong wins face-off versus Peter Regin in Senateurs zone.
8:26 of 2nd period - Peter Regin is hit by Colby Armstrong.
8:44 of 2nd period - Snap shot by Cody Hodgson.
8:44 of 2nd period - Deflect By Derick Brassard.
8:44 of 2nd period - Stopped by Jimmy Howard without a rebound.
8:45 of 2nd period - Derick Brassard wins face-off versus Cody Hodgson in Blackhawks zone.
9:00 of 2nd period - Slapshot by Antoine Roussel.
9:00 of 2nd period - Shot Hit the Post.
9:06 of 2nd period - Slapshot by Karl Alzner.
9:06 of 2nd period - Deflect By Cody Hodgson.
9:06 of 2nd period - Shot Hit the Post.
9:06 of 2nd period - Puck is out of play.
9:07 of 2nd period - Peter Regin wins face-off versus Evgeni Malkin in Blackhawks zone.
9:07 of 2nd period - Peter Regin is hit by Evgeni Malkin.
9:10 of 2nd period - Minor Penalty to Peter Regin for Hooking.
9:11 of 2nd period - Cam Janssen wins face-off versus Marian Hossa in Blackhawks zone.
9:11 of 2nd period - Cam Janssen is hit by Marian Hossa.
9:43 of 2nd period - Snap shot by Brenden Morrow.
9:43 of 2nd period - Shot Blocked by Antoine Roussel.
9:45 of 2nd period - Slapshot by Dan Hamhuis.
9:45 of 2nd period - Shot Blocked by Joni Pitkanen.
9:47 of 2nd period - Slapshot by Colby Armstrong.
9:47 of 2nd period - Shot Misses the Net.
11:10 of 2nd period - Penalty to Peter Regin is over, Peter Regin is back on ice.
11:18 of 2nd period - Snap shot by Mason Raymond.
11:18 of 2nd period - Goal by Mason Raymond - Senateurs : 0 - Blackhawks : 2.
11:19 of 2nd period - Cody Hodgson wins face-off versus Derick Brassard in neutral zone.
11:29 of 2nd period - Slapshot by Cody Hodgson.
11:29 of 2nd period - Shot Misses the Net.
11:31 of 2nd period - Slapshot by Radim Vrbata.
11:31 of 2nd period - Shot Misses the Net.
11:33 of 2nd period - Slapshot by Sergei Kostitsyn.
11:33 of 2nd period - Stopped by Jimmy Howard with a rebound.
11:35 of 2nd period - Slapshot by Cody Hodgson.
11:35 of 2nd period - Stopped by Jimmy Howard with a rebound.
11:45 of 2nd period - Evgeni Malkin is hit by Peter Regin.
12:15 of 2nd period - Daniel Briere is hit by Cam Janssen and loses puck.
12:34 of 2nd period - Snap shot by Derick Brassard.
12:34 of 2nd period - Shot Misses the Net.
12:36 of 2nd period - Snap shot by Denis Grebeshkov.
12:36 of 2nd period - Shot Blocked by Brooks Orpik.
12:38 of 2nd period - Wrist shot by Rick Nash.
12:38 of 2nd period - Goal by Rick Nash - Senateurs : 0 - Blackhawks : 3.
12:39 of 2nd period - Evgeni Malkin wins face-off versus Peter Regin in neutral zone.
12:41 of 2nd period - Minor Penalty to Dan Hamhuis for Hooking.
12:42 of 2nd period - Evgeni Malkin wins face-off versus Derick Brassard in Senateurs zone.
12:51 of 2nd period - Snap shot by Derick Brassard.
12:51 of 2nd period - Shot Misses the Net.
12:53 of 2nd period - Wrist shot by Mike Green.
12:53 of 2nd period - Stopped by Ondrej Pavelec without a rebound.
12:54 of 2nd period - Antoine Roussel wins face-off versus Evgeni Malkin in Senateurs zone.
13:28 of 2nd period - Marian Hossa is hit by Michael Frolik and loses puck.
14:11 of 2nd period - Rick Nash is hit by Brenden Morrow and loses puck.
14:41 of 2nd period - Penalty to Dan Hamhuis is over, Dan Hamhuis is back on ice.
16:17 of 2nd period - Snap shot by Brandon Dubinsky.
16:17 of 2nd period - Stopped by Jimmy Howard with a rebound.
16:19 of 2nd period - Snap shot by Marc-André Bernier.
16:19 of 2nd period - Shot Misses the Net.
16:21 of 2nd period - Slapshot by Marc-André Bernier.
16:21 of 2nd period - Stopped by Jimmy Howard with a rebound.
16:23 of 2nd period - Slapshot by Dan Hamhuis.
16:23 of 2nd period - Stopped by Jimmy Howard with a rebound.
17:08 of 2nd period - Snap shot by Tomas Fleischmann.
17:08 of 2nd period - Shot Blocked by Vladimir Mihalik.
17:10 of 2nd period - Slapshot by Hampus Lindholm.
17:10 of 2nd period - Shot Blocked by Brooks Orpik.
17:30 of 2nd period - Wrist shot by Radim Vrbata.
17:30 of 2nd period - Shot Misses the Net.
17:32 of 2nd period - Wrist shot by Cody Hodgson.
17:32 of 2nd period - Stopped by Jimmy Howard with a rebound.
17:34 of 2nd period - Wrist shot by Cody Hodgson.
17:34 of 2nd period - Deflect By Radim Vrbata.
17:34 of 2nd period - Shot Blocked by Mike Green.
17:34 of 2nd period - Puck is out of play.
17:35 of 2nd period - Ryan Johansen wins face-off versus Daniel Briere in Blackhawks zone.
17:50 of 2nd period - Tomas Fleischmann is hit by Daniel Briere and loses puck.
18:01 of 2nd period - Tomas Fleischmann is hit by Sergei Kostitsyn and loses puck.
18:06 of 2nd period - Slapshot by Radim Vrbata.
18:06 of 2nd period - Shot Blocked by Mike Green.
18:08 of 2nd period - Wrist shot by Karl Alzner.
18:08 of 2nd period - Shot Misses the Net.
18:10 of 2nd period - Backhand shot by Sergei Kostitsyn.
18:10 of 2nd period - Stopped by Jimmy Howard with a rebound.
18:12 of 2nd period - Slapshot by Karl Alzner.
18:12 of 2nd period - Stopped by Jimmy Howard with a rebound.
18:30 of 2nd period - Snap shot by Ryan Johansen.
18:30 of 2nd period - Shot Misses the Net.
18:52 of 2nd period - Marian Hossa is hit by Cam Janssen and loses puck.
19:01 of 2nd period - Snap shot by Ryan Johansen.
19:01 of 2nd period - Shot Misses the Net.
19:03 of 2nd period - Snap shot by Joni Pitkanen.
19:03 of 2nd period - Stopped by Ondrej Pavelec with a rebound.
19:05 of 2nd period - Snap shot by Cam Janssen.
19:05 of 2nd period - Stopped by Ondrej Pavelec without a rebound.
19:06 of 2nd period - Antoine Roussel wins face-off versus Evgeni Malkin in Senateurs zone.
19:33 of 2nd period - Lasse Kukkonen is hit by Cody Franson and loses puck.
19:47 of 2nd period - Minor Penalty to Marc-André Bernier for Interference.
19:48 of 2nd period - Derick Brassard wins face-off versus Evgeni Malkin in Senateurs zone.
19:55 of 2nd period - Slapshot by Derick Brassard.
19:55 of 2nd period - Shot Misses the Net.
19:57 of 2nd period - Slapshot by Antoine Roussel.
19:57 of 2nd period - Shot Misses the Net.
19:59 of 2nd period - Slapshot by Hampus Lindholm.
19:59 of 2nd period - Goal by Hampus Lindholm - Senateurs : 0 - Blackhawks : 4.
19:59 of 2nd period - Jeff Deslauriers enters game.
Goals for this period are 0 for Senateurs vs 4 for Blackhawks.
Shots for this period are 12 for Senateurs vs 11 for Blackhawks.
3rd period
0:01 of 3rd period - Evgeni Malkin wins face-off versus Derick Brassard in neutral zone.
0:10 of 3rd period - Snap shot by Evgeni Malkin.
0:10 of 3rd period - Stopped by Jimmy Howard with a rebound.
0:26 of 3rd period - Karl Alzner is hit by Hampus Lindholm and loses puck.
0:48 of 3rd period - Off-side.
0:49 of 3rd period - Ryan Johansen wins face-off versus Brandon Dubinsky in neutral zone.
1:02 of 3rd period - Wrist shot by Tomas Fleischmann.
1:02 of 3rd period - Deflect By Brandon Dubinsky.
1:02 of 3rd period - Shot Misses the Net.
1:02 of 3rd period - Puck is out of play.
1:03 of 3rd period - Evgeni Malkin wins face-off versus Derick Brassard in Senateurs zone.
1:03 of 3rd period - Evgeni Malkin is hit by Derick Brassard.
1:17 of 3rd period - Slapshot by Derick Brassard.
1:17 of 3rd period - Shot Misses the Net.
1:19 of 3rd period - Slapshot by Joni Pitkanen.
1:19 of 3rd period - Stopped by Jeff Deslauriers without a rebound.
1:20 of 3rd period - Daniel Briere wins face-off versus Peter Regin in Senateurs zone.
1:32 of 3rd period - Minor Penalty to Chris Kreider for Holding.
1:33 of 3rd period - Peter Regin wins face-off versus Evgeni Malkin in Blackhawks zone.
2:01 of 3rd period - Slapshot by Karl Alzner.
2:01 of 3rd period - Shot Blocked by Joni Pitkanen.
2:03 of 3rd period - Slapshot by Dan Hamhuis.
2:03 of 3rd period - Stopped by Jimmy Howard with a rebound.
2:05 of 3rd period - Slapshot by Karl Alzner.
2:05 of 3rd period - Shot Misses the Net.
2:07 of 3rd period - Snap shot by Marian Hossa.
2:07 of 3rd period - Shot Misses the Net.
2:35 of 3rd period - Slapshot by Dan Hamhuis.
2:35 of 3rd period - Stopped by Jimmy Howard with a rebound.
3:09 of 3rd period - Snap shot by Evgeni Malkin.
3:09 of 3rd period - Shot Blocked by Joni Pitkanen.
3:13 of 3rd period - Snap shot by Evgeni Malkin.
3:13 of 3rd period - Stopped by Jimmy Howard with a rebound.
3:23 of 3rd period - Slapshot by Evgeni Malkin.
3:23 of 3rd period - Stopped by Jimmy Howard without a rebound.
3:24 of 3rd period - Daniel Briere wins face-off versus Peter Regin in Blackhawks zone.
3:32 of 3rd period - Penalty to Chris Kreider is over, Chris Kreider is back on ice.
4:04 of 3rd period - Ryan Johansen is hit by Sergei Kostitsyn and loses puck.
4:21 of 3rd period - Slapshot by Zac Rinaldo.
4:21 of 3rd period - Shot Misses the Net.
4:23 of 3rd period - Minor Penalty to Marc-André Bernier for Holding.
4:24 of 3rd period - Derick Brassard wins face-off versus Brandon Dubinsky in Senateurs zone.
5:11 of 3rd period - Chris Kunitz is hit by Chris Kreider and loses puck.
5:43 of 3rd period - Icing by Mike Green.
5:44 of 3rd period - Peter Regin wins face-off versus Brandon Dubinsky in Blackhawks zone.
6:10 of 3rd period - Brooks Orpik is hit by Mike Green and loses puck.
6:21 of 3rd period - Slapshot by Chris Kreider.
6:21 of 3rd period - Stopped by Jeff Deslauriers with a rebound.
6:23 of 3rd period - Penalty to Marc-André Bernier is over, Marc-André Bernier is back on ice.
6:23 of 3rd period - Snap shot by Peter Regin.
6:23 of 3rd period - Stopped by Jeff Deslauriers without a rebound.
6:24 of 3rd period - Cody Hodgson wins face-off versus Antoine Roussel in Senateurs zone.
8:23 of 3rd period - Slapshot by Tomas Fleischmann.
8:23 of 3rd period - Stopped by Jeff Deslauriers with a rebound.
8:25 of 3rd period - Wrist shot by Tomas Fleischmann.
8:25 of 3rd period - Shot Hit the Post.
8:27 of 3rd period - Wrist shot by Tomas Fleischmann.
8:27 of 3rd period - Stopped by Jeff Deslauriers with a rebound.
8:29 of 3rd period - Backhand shot by Hampus Lindholm.
8:29 of 3rd period - Stopped by Jeff Deslauriers with a rebound.
8:50 of 3rd period - Marian Hossa is hit by Antoine Roussel and loses puck.
9:01 of 3rd period - Marian Hossa is hit by Joni Pitkanen and loses puck.
9:06 of 3rd period - Wrist shot by Tyler Kennedy.
9:06 of 3rd period - Stopped by Jeff Deslauriers with a rebound.
9:08 of 3rd period - Wrist shot by Mason Raymond.
9:08 of 3rd period - Stopped by Jeff Deslauriers without a rebound.
9:09 of 3rd period - Chris Kreider wins face-off versus Evgeni Malkin in Senateurs zone.
9:16 of 3rd period - Snap shot by Michael Frolik.
9:16 of 3rd period - Shot Blocked by Carlo Colaiacovo.
9:18 of 3rd period - Snap shot by Chris Kreider.
9:18 of 3rd period - Goal by Chris Kreider - Senateurs : 0 - Blackhawks : 5.
9:19 of 3rd period - Derick Brassard wins face-off versus Evgeni Malkin in neutral zone.
9:22 of 3rd period - Snap shot by Mike Green.
9:22 of 3rd period - Stopped by Jeff Deslauriers with a rebound.
10:35 of 3rd period - Wrist shot by Tyler Kennedy.
10:35 of 3rd period - Deflect By Zac Rinaldo.
10:35 of 3rd period - Stopped by Jeff Deslauriers without a rebound.
10:36 of 3rd period - Derick Brassard wins face-off versus Brenden Morrow in Senateurs zone.
10:41 of 3rd period - Wrist shot by Antoine Roussel.
10:41 of 3rd period - Deflect By Rick Nash.
10:41 of 3rd period - Stopped by Jeff Deslauriers with a rebound.
10:43 of 3rd period - Slapshot by Joni Pitkanen.
10:43 of 3rd period - Shot Misses the Net.
10:45 of 3rd period - Slapshot by Rick Nash.
10:45 of 3rd period - Stopped by Jeff Deslauriers without a rebound.
10:46 of 3rd period - Derick Brassard wins face-off versus Daniel Briere in Senateurs zone.
11:58 of 3rd period - Slapshot by Derick Brassard.
11:58 of 3rd period - Shot Misses the Net.
12:16 of 3rd period - Snap shot by Derick Brassard.
12:16 of 3rd period - Stopped by Jeff Deslauriers with a rebound.
12:28 of 3rd period - Wrist shot by Rick Nash.
12:28 of 3rd period - Shot Misses the Net.
12:30 of 3rd period - Slapshot by Rick Nash.
12:30 of 3rd period - Deflect By Derick Brassard.
12:30 of 3rd period - Stopped by Jeff Deslauriers without a rebound.
12:31 of 3rd period - Peter Regin wins face-off versus Evgeni Malkin in Senateurs zone.
12:57 of 3rd period - Brooks Orpik is hit by Tomas Fleischmann and loses puck.
14:36 of 3rd period - Michael Frolik is hit by Sergei Kostitsyn.
14:54 of 3rd period - Ryan Johansen is hit by Dan Hamhuis and loses puck.
15:07 of 3rd period - Evgeni Malkin is hit by Tyler Kennedy and loses puck.
15:31 of 3rd period - Icing by Lasse Kukkonen.
15:32 of 3rd period - Derick Brassard wins face-off versus Brandon Dubinsky in Blackhawks zone.
16:19 of 3rd period - Snap shot by Evgeni Malkin.
16:19 of 3rd period - Stopped by Jimmy Howard without a rebound.
16:20 of 3rd period - Derick Brassard wins face-off versus Evgeni Malkin in Blackhawks zone.
16:33 of 3rd period - Joni Pitkanen is hit by Vladimir Mihalik and loses puck.
16:46 of 3rd period - Michael Frolik is hit by Brenden Morrow and loses puck.
16:53 of 3rd period - Snap shot by Marian Hossa.
16:53 of 3rd period - Stopped by Jimmy Howard with a rebound.
16:55 of 3rd period - Snap shot by Karl Alzner.
16:55 of 3rd period - Shot Blocked by Joni Pitkanen.
16:57 of 3rd period - Slapshot by Karl Alzner.
16:57 of 3rd period - Stopped by Jimmy Howard with a rebound.
17:07 of 3rd period - Slapshot by Joni Pitkanen.
17:07 of 3rd period - Stopped by Jeff Deslauriers without a rebound.
17:08 of 3rd period - Cody Hodgson wins face-off versus Ryan Johansen in Senateurs zone.
17:34 of 3rd period - Karl Alzner is hit by Peter Regin and loses puck.
17:45 of 3rd period - Wrist shot by Peter Regin.
17:45 of 3rd period - Shot Blocked by Dan Hamhuis.
17:47 of 3rd period - Snap shot by Chris Kreider.
17:47 of 3rd period - Stopped by Jeff Deslauriers without a rebound.
17:48 of 3rd period - Derick Brassard wins face-off versus Evgeni Malkin in Senateurs zone.
18:04 of 3rd period - Icing by Rick Nash.
18:05 of 3rd period - Daniel Briere wins face-off versus Derick Brassard in Blackhawks zone.
18:06 of 3rd period - Slapshot by Marian Hossa.
18:06 of 3rd period - Stopped by Jimmy Howard with a rebound.
18:08 of 3rd period - Slapshot by Dan Hamhuis.
18:08 of 3rd period - Shot Misses the Net.
18:10 of 3rd period - Snap shot by Brenden Morrow.
18:10 of 3rd period - Stopped by Jimmy Howard with a rebound.
18:12 of 3rd period - Wrist shot by Brenden Morrow.
18:12 of 3rd period - Stopped by Jimmy Howard without a rebound.
18:13 of 3rd period - Derick Brassard wins face-off versus Daniel Briere in Blackhawks zone.
18:22 of 3rd period - Derick Brassard is hit by Brenden Morrow and loses puck.
19:03 of 3rd period - Slapshot by Cody Hodgson.
19:03 of 3rd period - Shot Blocked by Mike Green.
19:05 of 3rd period - Wrist shot by Radim Vrbata.
19:05 of 3rd period - Shot Blocked by Mike Green.
Goals for this period are 0 for Senateurs vs 1 for Blackhawks.
Shots for this period are 11 for Senateurs vs 17 for Blackhawks.
Back to the Top